 Dungeon Crawl Stone Soup version 0.29.1 (webtiles) character file.

Game seed: 2639688372475128247

4135 EvilAshe the Carver (level 10, -2/74 (77) HPs)
             Began as a Human Fighter on Sept 12, 2022.
             Slain by a two-headed ogre
             ... wielding a +0 dire flail
              (17 damage)
             ... on level 9 of the Dungeon.
             The game lasted 00:32:22 (13056 turns).

EvilAshe the Carver (Human Fighter)                Turns: 13056, Time: 00:32:22

HP:   -2/74 (77)    AC: 17    Str: 20    XL:     10   Next: 51%
MP:   10/10         EV:  4    Int:  8    God:
Gold: 592           SH:  9    Dex: 14    Spells: 9/9 levels left

rFire   . . .      SeeInvis .   a - +1 long sword
rCold   . . .      Faith    .   I - +0 kite shield
rNeg    . . .      Spirit   .   y - +0 plate armour
rPois   .          Reflect  .   C - +0 helmet
rElec   .          Harm     .   (no cloak)
rCorr   .          Rampage  .   p - +0 pair of gloves
Will    .....                   x - +0 pair of boots
Stlth   ..........              (no amulet)
HPRegen 0.22/turn               h - +4 ring of slaying
MPRegen 0.12/turn               (no ring)

@: lightly drained
A: no striking features
a: no special abilities


You were on level 9 of the Dungeon.
You visited 2 branches of the dungeon, and saw 11 of its levels.

You collected 592 gold pieces.

Inventory:

Hand Weapons
 a - a +1 long sword (weapon)
Missiles
 i - 21 stones (quivered)
 u - a throwing net
Armour
 c - a +0 buckler
 p - a +0 pair of gloves (worn)
 x - a +0 pair of boots (worn)
 y - a +0 plate armour (worn)
 C - a +0 helmet (worn)
 F - a +0 tower shield
 I - a +0 kite shield (worn)
Jewellery
 h - a +4 ring of slaying (left hand)
 t - a ring of protection from cold
 E - a ring of poison resistance
Wands
 g - a wand of paralysis (10)
 w - a wand of acid (17)
 H - a wand of roots (2)
Scrolls
 b - a scroll of immolation {unknown}
 d - 2 scrolls of enchant weapon
 f - 4 scrolls of blinking
 j - a scroll of enchant armour {unknown}
 k - 4 scrolls of teleportation
 l - a scroll of fog {unknown}
 s - a scroll of acquirement {unknown}
 D - a scroll of magic mapping {unknown}
 G - a scroll of fear {unknown}
Potions
 e - a potion of mutation
 m - a potion of invisibility {unknown}
 n - a potion of flight {unknown}
 r - 3 potions of brilliance
 z - a potion of cancellation
 A - 3 potions of curing
 B - 2 potions of resistance


   Skills:
 - Level 6.6 Fighting
 * Level 11.0 Long Blades
 + Level 7.0 Armour
 + Level 5.5 Shields


You had 9 spell levels left.
You didn't know any spells.
Your spell library contained the following spells:

 Spells                   Type           Power      Damage    Failure   Level
 Beastly Appendage        Tmut           0%         N/A       100%        1
 Ensorcelled Hibernation  Hex/Ice        0%         N/A       100%        2
 Wereblood                Tmut           0%         N/A       100%        2
 Call Canine Familiar     Summ           0%         N/A       100%        3
 Portal Projectile        Hex/Tloc       0%         N/A       100%        3
 Spider Form              Tmut/Pois      0%         N/A       100%        3
 Anguish                  Hex/Necr       0%         N/A       100%        4
 Leda's Liquefaction      Hex/Erth       0%         N/A       100%        4


Dungeon Overview and Level Annotations

Branches:
Dungeon (10/15)            Temple (1/1) D:4
   Lair: D:8-11         Orc: D:9-12

Altars:
Ashenzari
Cheibriados
Dithmenos
Elyvilon
Gozag
Hepliaklqana
Kikubaaqudgha
Makhleb
Okawaru
Qazlal
Ru
Sif Muna
Vehumet
Xom
Yredelemnul

Shops:
D:5 *

Annotations:
D:8 Joseph


Message History

There is a stone staircase leading up here.
You climb upwards.
There is a stone staircase leading down here.
The wight hits you from afar with a +3 halberd!
Things that are here:
a +0 robe; a +3 short sword
There is an open door here.
Things that are here:
a +0 robe; a +4 scimitar
Things that are here:
a +1 robe of fire resistance; a +1 dagger of chaos
There is a stone staircase leading up here.
The two-headed ogre shouts in stereo!
You climb upwards.
Level annotation: Joseph
There is a stone staircase leading down here.
You start resting.
HP restored.
You climb downwards.
The two-headed ogre hits you with a +0 dire flail!
The two-headed ogre hits you but does no damage.
There is a stone staircase leading up, spattered with blood here.
The wight hits you but does no damage. The gnoll barely misses you.
You block the wight's attack.
The two-headed ogre hits you but does no damage.
The two-headed ogre hits you with a +0 giant club!!
The gnoll hits you but does no damage.
You slash the gnoll!
The gnoll is severely wounded.
The wight hits you with a +3 halberd. The gnoll hits you but does no damage.
The wight attacks as you move away! The wight hits you with a +3 halberd.
The wight hits you from afar with a +3 halberd!
You feel drained. The gnoll hits you but does no damage.
The wight hits you but does no damage.
The two-headed ogre attacks as you move away!
The two-headed ogre hits you with a +0 dire flail!
* * * LOW HITPOINT WARNING * * *
The two-headed ogre hits you with a +0 giant club!
You die...

#....z........##........
###[############.....!.#
#..[..### #####.#.#~
#####...# .' ######.### #.#
#.........##########.##
#...........##........##
#.........#............##
#.........####@.........###
..........#
#.Og.........####.
#.........#
#.z...............
#.........#
#...............#
.........#
#..........>$...# #####.###
#..<............# ..
#########.####### #.# #..#
#..#


You could see a two-headed ogre, a wight and a gnoll.

Vanquished Creatures
  Psyche (D:9)
  2 wraiths (D:8)
  A water moccasin (D:9)
  Duvessa (D:5)
  2 ice beasts
  3 ogres (D:5)
  2 sky beasts
  3 phantoms
  A kobold brigand (D:8)
  3 gnoll sergeants
  2 bullfrogs
  2 necrophages
  2 scorpions (D:3)
  2 wights (D:9)
  Dowan (D:5)
  13 killer bees
  3 howler monkeys
  2 orc priests
  A hound (D:5)
  An iguana (D:4)
  4 jellies
  4 gnoll boudas
  Ijyb (D:4)
  2 orc wizards (D:5)
  43 gnolls
  7 adders
  A shadow imp (D:7)
  A white imp (D:7)
  A worm (D:3)
  2 dart slugs
  32 orcs
  4 endoplasms
  2 giant cockroaches
  12 goblins
  10 hobgoblins
  16 jackals
  6 kobolds
  6 quokkas
  3 ball pythons
  4 bats
  4 frilled lizards
  7 rats
220 creatures vanquished.

Vanquished Creatures (others)
  11 plants
11 creatures vanquished.

Grand Total: 231 creatures vanquished

Notes
Turn   | Place    | Note
-------+----------+-------------------------------------------
     0 | D:1      | EvilAshe the Human Fighter began the quest for the Orb.
     0 | D:1      | Reached XP level 1. HP: 18/18 MP: 1/1
   280 | D:1      | Reached XP level 2. HP: 24/24 MP: 2/2
   493 | D:1      | Reached XP level 3. HP: 29/29 MP: 3/3
   497 | D:1      | Reached skill level 3 in Long Blades
  1116 | D:2      | Reached XP level 4. HP: 35/35 MP: 4/4
  1165 | D:2      | Found a faded altar of an unknown god.
  1611 | D:4      | Noticed Ijyb
  1645 | D:3      | Reached skill level 4 in Long Blades
  1883 | D:3      | Reached XP level 5. HP: 38/41 MP: 5/5
  1976 | D:3      | Found a broken altar of Ashenzari.
  2750 | D:5      | Entered Level 5 of the Dungeon
  2750 | D:5      | Noticed a phantom
  2759 | D:4      | Noticed a phantom
  2784 | D:3      | Killed a phantom
  2785 | D:3      | Reached skill level 5 in Long Blades
  2785 | D:3      | Reached XP level 6. HP: 38/47 MP: 6/6
  3080 | D:4      | Reached XP level 7. HP: 51/51 MP: 7/7
  3082 | D:4      | Found a staircase to the Ecumenical Temple.
  3098 | D:4      | Paralysed by Ijyb for 3 turns
  3481 | Temple   | Entered the Ecumenical Temple
  3573 | D:4      | Killed Ijyb
  3689 | D:3      | Reached skill level 6 in Long Blades
  3689 | D:3      | Reached skill level 5 in Shields
  5050 | D:5      | Reached skill level 7 in Long Blades
  5050 | D:5      | Reached XP level 8. HP: 45/60 MP: 8/8
  5147 | D:5      | Found a shadowy altar of Dithmenos.
  5186 | D:5      | Found Raastol's Neck Hole.
  6424 | D:5      | Identified the +7 flail of the Destroying Wasp {vorpal, rF+
                  | rC+}
  7168 | D:5      | Reached skill level 8 in Long Blades
  7397 | D:5      | Reached XP level 9. HP: 59/66 MP: 9/9
  7836 | D:6      | Reached skill level 5 in Armour
  7853 | D:6      | Reached skill level 5 in Fighting
  7937 | D:6      | Found a snail-covered altar of Cheibriados.
  7946 | D:6      | Noticed Duvessa
  7952 | D:6      | Noticed Dowan
  7960 | D:5      | Killed Dowan
  7979 | D:5      | Killed Duvessa
  8175 | D:6      | Reached skill level 9 in Long Blades
  9615 | D:8      | Noticed Joseph
  9615 | D:8      | Noticed a two-headed ogre
  9663 | D:7      | Found a radiant altar of Vehumet.
 10389 | D:8      | Reached skill level 10 in Long Blades
 10389 | D:8      | Reached XP level 10. HP: 53/76 MP: 10/10
 10974 | D:9      | Noticed Psyche
 10992 | D:9      | Killed Psyche
 11002 | D:10     | Entered Level 10 of the Dungeon
 11502 | D:9      | Noticed a two-headed ogre
 11600 | D:10     | Noticed a two-headed ogre
 12585 | D:8      | Found the +5 scythe "Finisher" {speed, eviscerate}
 12600 | D:8      | Noticed a skeletal warrior
 12871 | D:9      | Reached skill level 11 in Long Blades
 13056 | D:9      | Slain by a two-headed ogre

Illustrated notes

Levels and vault maps discovered:
D:1:      dpeg_arrival_castle, layout_loops_ring, chequers_serial_rivers_micro_b
D:2:      layout_loops_ring, chequers_ecumenical_altar_simple_redux
D:3:      layout_basic, nicolae_ashenzari_panopticon, kennysheep_cross_room,
          kennysheep_decorative_pillar
D:4:      layout_rooms, minmay_temple_entry_sparse_star,
          minmay_misc_feat_four_crosses, uniq_ijyb
D:5:      lemuel_castle_with_subvaults [lemuel_castle_interior_carwin_3],
          layout_layer_cave, nicolae_dithmenos_through_a_glass_darkly,
          nicolae_shop_sticking_my_neck_out
D:6:      layout_cave_pools, cheibriados_altar_1, nicolae_grassy_gnolls,
          uniq_duvessa
D:7:      layout_loops_ring, overflow_temple_1_default,
          roderic_cross_of_infinity
D:8:      layout_basic, minmay_guarded_unrand_finisher, uniq_joseph
D:9:      layout_roguey, mainiacjoe_overflow_brackets,
          mainiacjoe_overflow_alcove_1, gammafunk_temple_overflow_claw,
          minmay_orc_entry_guard_dogs, uniq_pikel, uniq_psyche, uniq_maggie
D:10:     layout_grid_maze, minitemple
Temple:   nicolae_temple_ecumenical_triangle

Skill      XL: |  1  2  3  4  5  6  7  8  9 10 |
---------------+-------------------------------+-----
Long Blades    | 3 4 5 7 8 10 11 | 11.0
Shields        | 4 5 |  5.5
Fighting       | 4 6 |  6.6
Armour         | 4 6 7 |  7.0

Action                   |  1- 3 |  4- 6 |  7- 9 | 10-12 || total
-------------------------+-------+-------+-------+-------++-------
Melee: Long sword        |    93 |   100 |   504 |   134 ||   831
Throw: Stone             |       |     1 |    22 |     4 ||    27
       Throwing net      |       |       |     5 |     1 ||     6
Evoke: Wand              |       |       |     6 |     3 ||     9
  Use: Scroll            |       |       |     7 |     4 ||    11
       Potion            |       |       |     2 |     4 ||     6
 Stab: Distracted        |     1 |       |     1 |       ||     2
       Paralysed         |       |       |     8 |       ||     8
       Held in net/web   |       |       |     1 |       ||     1
Armor: Scale mail        |    42 |    43 |   109 |       ||   194
       Plate armour      |       |       |   105 |   149 ||   254
Dodge: Dodged            |    28 |    46 |   173 |    44 ||   291
Block: Buckler           |    18 |    17 |   143 |     7 ||   185
       Kite shield       |       |       |       |    86 ||    86
